 Dungeon Crawl Stone Soup version 0.29-a0-39-g581ba40fa7 (webtiles) character file.

Game seed: 7142894871351900993

98 Rothnd the Chopper (level 5, 0/38 HPs)
             Began as a Human Gladiator on Feb 1, 2022.
             Slain by an orc wizard (2 damage)
             ... on level 3 of the Dungeon.
             The game lasted 00:07:32 (2278 turns).

Rothnd the Chopper (Human Gladiator)                Turns: 2278, Time: 00:07:32

Health: 0/38       AC:  5    Str: 17    XL:     5   Next: 0%
Magic:  5/5        EV: 12    Int:  8    God:
Gold:   94         SH:  0    Dex: 14    Spells: 4/4 levels left

rFire   + . .      SeeInvis .   a - +0 war axe
rCold   + . .      Faith    .   (no shield)
rNeg    . . .      Spirit   .   b - +0 leather armour
rPois   .          Reflect  .   c - +0 helmet
rElec   .          Harm     .   h - scarf {rC+ rF+}
rCorr   .          Rampage  .   (no gloves)
Will    .....                   f - +0 pair of boots
Stlth   +.........              (no amulet)
HPRegen 0.12/turn               (no ring)
MPRegen 0.09/turn               (no ring)

@: no status effects
A: no striking features
a: no special abilities


You were on level 3 of the Dungeon.
You visited 1 branch of the dungeon, and saw 3 of its levels.

You collected 94 gold pieces.

Inventory:

Hand Weapons
 a - a +0 war axe (weapon)
Missiles
 d - 3 throwing nets (quivered)
 g - 43 stones
Armour
 b - a +0 leather armour (worn)
 c - a +0 helmet (worn)
 f - a +0 pair of boots (worn)
 h - a scarf of resistance (worn)
Scrolls
 e - a scroll of fear {unknown}
 i - a scroll of identify {unknown}


   Skills:
 + Level 2.2 Fighting
 + Level 4.3 Axes
 + Level 2.1 Throwing
 + Level 1.1 Armour
 + Level 3.5 Dodging
 + Level 0.6 Stealth


You had 4 spell levels left.
You didn't know any spells.
Your spell library contained the following spells:

 Spells                   Type           Power      Damage    Failure   Level
 Sting                    Tmut/Pois      0%         1d3       45%         1
 Poisonous Vapours        Pois/Air       0%         N/A       61%         2
 Olgreb's Toxic Radiance  Pois           0%         N/A       99%         4


Dungeon Overview and Level Annotations

Branches:
Dungeon (3/15)

Altars:


Message History

The orc wizard casts a spell.
The orc wizard flickers and vanishes!
Deactivating autopickup; reactivate with Ctrl-A.
The orc priest hits you but does no damage.
You slash the orc priest!
You kill the orc priest!
You hit the orc. You hit something but do no damage. The orc barely misses you.
Something hits you but does no damage.
Your Armour skill increases to level 1!
You're too confused to move!
The orc hits you with a +0 mace. Something hits you but does no damage.
You bump into the rock wall.
The orc closely misses you. Something hits you but does no damage.
You hit the orc.
You kill the orc!
You closely miss something.
You feel less confused. Something hits you.
* * * LOW HITPOINT WARNING * * *
You slash the orc!
You kill the orc!
You miss something. Something hits you.
* * * LOW HITPOINT WARNING * * *
You have reached level 5!
You hit something. Something hits you.
* * * LOW HITPOINT WARNING * * *
You hear some strange, mumbled words.
You are confused.
You aren't carrying any potions.
You bump into the rock wall.
Something hits you but does no damage.
You barely miss something. Your punch misses something.
You hear some strange, mumbled words.
A puff of flame appears from out of thin air!
The puff of flame hits you. You resist.
* * * LOW HITPOINT WARNING * * *
You bump into the rock wall.
Something hits you but does no damage.
You closely miss something.
You feel less confused. Something hits you.
You die...

#. #..#.###.####
#..###..#........
#.......#.###...#
#.###...#####...#
#.......#......
#####.#...#
#.##..# #.##..# #
#.##@{###.=.#
#.##))......#
#.###)###.#^# ..
#.# ... ....
..#.# ## .. #.


There were no monsters in sight!

Vanquished Creatures
  An orc priest (D:3)
  3 orcs (D:3)
  3 ball pythons
  An endoplasm (D:1)
  2 giant cockroaches
  11 goblins
  12 hobgoblins
  6 jackals (D:1)
  5 bats
  2 frilled lizards (D:1)
  5 kobolds
  4 rats
55 creatures vanquished.

Notes
Turn   | Place    | Note
-------+----------+-------------------------------------------
     0 | D:1      | Rothnd the Human Gladiator began the quest for the Orb.
     0 | D:1      | Reached XP level 1. HP: 16/16 MP: 1/1
   173 | D:1      | Reached XP level 2. HP: 17/22 MP: 2/2
   371 | D:1      | Found a faded altar of an unknown god.
   756 | D:1      | Reached XP level 3. HP: 27/27 MP: 3/3
   923 | D:1      | You fall into a shaft and drop 1 floor!
  1414 | D:2      | Identified the +10 mace of Summer {pain, rC- Dex+8}
  1930 | D:2      | Reached XP level 4. HP: 26/33 MP: 4/4
  1937 | D:2      | Reached skill level 4 in Axes
  2269 | D:3      | Reached skill level 1 in Armour
  2273 | D:3      | Reached XP level 5. HP: 7/38 MP: 5/5
  2278 | D:3      | Slain by an orc wizard

Illustrated notes

Levels and vault maps discovered:
D:1:      sevenhm_arrival_forest_fort_small_6, layout_loops_ring,
          dreamdust_ecumenical_altar_statues
D:2:      cheibrodos_greedy_goblins, layout_basic, st_stairs_1
D:3:      layout_basic

Skill      XL: |  1  2  3  4 |
---------------+-------------+-----
Axes           | 4 |  4.3
Armour         | 1 |  1.1
Fighting       | |  2.2
Throwing       | |  2.1
Dodging        | |  3.5
Stealth        | |  0.6

Action                   |  1- 3 |  4- 6 || total
-------------------------+-------+-------++-------
Melee: War axe           |   100 |    22 ||   122
       Punch             |     1 |       ||     1
 Stab: Sleeping          |     2 |       ||     2
Armor: Leather armour    |    45 |    13 ||    58
Dodge: Dodged            |    82 |    28 ||   110

Table legend: (Time is in decaauts)
 A = Elapsed time spent in this place.
 B = Non-inter-level travel time spent in this place.
 C = Inter-level travel time spent in this place.
 D = Time resting spent in this place.
 E = Time spent auto-exploring this place.
 F = Levels seen in this place.
 G = Mean time per level.
                   A        B        C        D        E       F      G
               +--------+--------+--------+--------+--------+-----+--------+
         Total |   2317 |   2208 |    109 |      0 |   1741 |   3 |  772.3 |
       Dungeon |   2317 |   2208 |    109 |      0 |   1741 |   3 |  772.3 |
               +--------+--------+--------+--------+--------+-----+--------+

Top non-repeatable levels by time:
     D:1: 1252 daAuts
     D:2: 1025 daAuts
     D:3: 38 daAuts
